 Dungeon Crawl Stone Soup version 0.29-a0-925-g0a7a3d12f8 (webtiles) character file.

Game seed: 1709557195345883774

1416 pokeman the Thaumaturge (level 8, -5/44 HPs)
             Began as a Deep Elf Hedge Wizard on July 29, 2022.
             Killed by nerve-wracking pain
             ... invoked by Menkaure
              (14 damage)
             ... on level 5 of the Dungeon.
             The game lasted 00:10:52 (5215 turns).

pokeman the Thaumaturge (Deep Elf Hedge Wizard)     Turns: 5215, Time: 00:10:52

Health: -5/44      AC:  3    Str:  7    XL:     8   Next: 43%
Magic:  9/23       EV: 12    Int: 22    God:
Gold:   252        SH:  0    Dex: 14    Spells: 14/25 levels left

rFire   + . .      SeeInvis .   o - +6 spear of the Teaching Goat {vorpal, rElec rF+ Stlth+}
rCold   . . .      Faith    .   (no shield)
rNeg    . . .      Spirit   .   n - +0 leather armour
rPois   .          Reflect  .   c - +0 hat
rElec   +          Harm     .   (no cloak)
rCorr   .          Rampage  .   (no gloves)
Will    .....                   (no boots)
Stlth   +++.......              (no amulet)
HPRegen 0.14/turn               (no ring)
MPRegen 0.18/turn               (no ring)

@: no status effects
A: no striking features
a: no special abilities


You were on level 5 of the Dungeon.
You visited 1 branch of the dungeon, and saw 5 of its levels.

You collected 252 gold pieces.

Inventory:

Hand Weapons
 o - the +6 spear of the Teaching Goat (weapon) {vorpal, rElec rF+ Stlth+}
   (You found it on level 2 of the Dungeon)

   It inflicts extra damage upon your enemies.
   rF:        It protects you from fire.
   rElec:     It insulates you from electricity.
   Stlth:     It makes you more stealthy.
 s - a +1 dagger of electrocution
 x - a +0 shortbow
Armour
 c - a +0 hat (worn)
 n - a +0 leather armour (worn)
 w - an orb of wrath
Magical Staves
 i - a staff of poison
Scrolls
 a - a scroll of immolation {unknown}
 b - a scroll of magic mapping {unknown}
 f - 2 scrolls of butterflies {unknown}
 g - a scroll of poison {unknown}
 j - 11 scrolls of identify {unknown}
 l - a scroll of fear {unknown}
 q - 2 scrolls of noise {unknown}
 r - 2 scrolls of vulnerability {unknown}
 t - 2 scrolls of teleportation {unknown}
 v - a scroll of blinking {unknown}
Potions
 d - 2 potions of magic
 e - 2 potions of might {unknown}
 h - a potion of invisibility {unknown}
 k - 3 potions of curing {unknown}
 m - a potion of attraction {unknown}
 p - a potion of ambrosia {unknown}
 u - a potion of brilliance {unknown}


   Skills:
 - Level 2.1 Fighting
 + Level 2.0 Armour
 - Level 3.1 Dodging
 - Level 3.2 Stealth
 * Level 9.3 Spellcasting
 + Level 6.1 Conjurations
 - Level 1.1 Summonings
 - Level 1.1 Translocations
 + Level 2.1 Fire Magic
 - Level 1.2 Air Magic
 - Level 1.0 Poison Magic
 - Level 2.3 Evocations


You had 14 spell levels left.
You knew the following spells:

 Your Spells              Type           Power      Damage    Failure   Level
a - Magic Dart            Conj           100%       1d8       1%          1
b - Mephitic Cloud        Conj/Pois/Air  22%        N/A       9%          3
c - Call Imp              Summ           15%        N/A       9%          2
d - Blink                 Tloc           30%        N/A       9%          2
e - Conjure Flame         Conj/Fire      28%        6-21      4%          3

Your spell library contained the following spells:

 Spells                   Type           Power      Damage    Failure   Level
 Necrotise                Necr           40%        1d6       10%         1
 Slow                     Hex            40%        N/A       10%         1
 Call Canine Familiar     Summ           15%        N/A       19%         3
 Portal Projectile        Hex/Tloc       24%        N/A       22%         3
 Vampiric Draining        Necr           10%        2d6       28%         3
 Leda's Liquefaction      Hex/Erth       5%         N/A       67%         4
 Agony                    Necr           10%        N/A       95%         5
 Chain Lightning          Conj/Air       13%        3d17      100%        9
 Fire Storm               Conj/Fire      14%        8d4       100%        9
 Shatter                  Erth           5%         3d8*      100%        9


Dungeon Overview and Level Annotations

Branches:
Dungeon (5/15)
 Temple: D:4-7

Altars:
Sif Muna

Annotations:
D:5 Blork the orc, Menkaure


Message History

Your iron imp disappears in a puff of smoke!
Menkaure murmurs a few words.
Casting: Conjure Flame (dangerous; 5% risk of failure)
Confirm with . or Enter, or press ? or * to list all spells.
Aiming: Mephitic Cloud (dangerous; 9% risk of failure)
Press: ? - help, Shift-Dir - straight line, f - orc wizard, p - Menkaure
Aim: an orc wizard, wielding a +0 dagger and wearing a +0 robe (chance to affect: 86%)
The ball explodes into a vile cloud!
The stinking cloud engulfs the orc wizard but does no damage.
The stinking cloud engulfs Menkaure but does no damage.
Menkaure is moderately damaged.
You hear a shout!
Menkaure gestures at you while chanting.
Pain shoots through your body!
* * * LOW HITPOINT WARNING * * *
The orc wizard is engulfed in noxious fumes.
The orc wizard appears confused.
Unknown command.
Unknown command.
The gnoll is engulfed in noxious fumes.
The gnoll appears confused.
The gnoll hits Menkaure with a +0 club.
The orc wizard is engulfed in blazing flames.
The orc wizard hits Menkaure with a +0 dagger.
Unknown command.
The orc wizard is engulfed in blazing flames.
You kill the orc wizard!
The gnoll is engulfed in noxious fumes.
The gnoll appears confused.
You feel a bit more experienced.
Your Armour skill increases to level 2!
Casting: Mephitic Cloud (dangerous; 9% risk of failure)
Confirm with . or Enter, or press ? or * to list all spells.
Aiming: Magic Dart (safe; 1% risk of failure)
Press: ? - help, Shift-Dir - straight line, f - Menkaure
Aim: Menkaure (noxious fumes, heavily damaged, fast, 100% to hit)
The magic dart hits Menkaure but does no damage.
Menkaure is heavily damaged.
The gnoll is engulfed in noxious fumes.
The gnoll appears confused.
Menkaure gestures at you while chanting.
Pain shoots through your body!
You die...

#.# #...# ..# #...#
#......... ..# #...# #####
#......... ..# #...# #...#
#......... ..# #...# #...#
#......... #.####...###...#
#.[....... .....+.....'...#
#.....=...
#.####...###...#####g☼.......
................@..§M○.......
#.###########.#######○#######
#.†....# #.# #.# #......# #.#
#g# #......# #..


#So .......# ##. #).. .......# . #.c.. ...########### #..... .#.#.#.#.#.#.#
.#o.... You could see Menkaure (fast) and a gnoll (confused).

Vanquished Creatures
  Pikel (D:4)
  Grinder (D:5)
  Sigmund (D:4)
  An ogre (D:4)
  A centaur (D:5)
  3 lemures (D:4)
  A scorpion (D:3)
  An orc priest (D:5)
  3 hounds
  5 orc wizards
  2 gnolls
  5 adders
  A dart slug (D:4)
  18 orcs
  5 endoplasms
  9 giant cockroaches
  4 goblins
  5 hobgoblins
  4 quokkas
  10 ball pythons
  5 bats
  4 frilled lizards
  8 kobolds
  6 rats
104 creatures vanquished.

Vanquished Creatures (others)
  A plant (D:2)
1 creature vanquished.

Grand Total: 105 creatures vanquished

Notes
Turn   | Place    | Note
-------+----------+-------------------------------------------
     0 | D:1      | pokeman the Deep Elf Hedge Wizard began the quest for the
                  | Orb.
     0 | D:1      | Reached XP level 1. HP: 10/10 MP: 7/7
   409 | D:1      | Reached XP level 2. HP: 16/16 MP: 5/9
  1174 | D:1      | Reached skill level 5 in Spellcasting
  1634 | D:2      | Identified the +6 spear of the Teaching Goat {vorpal, rElec
                  | rF+ Stlth+}
  1681 | D:2      | Reached XP level 3. HP: 20/20 MP: 9/11
  1685 | D:2      | Learned a level 3 spell: Mephitic Cloud
  1688 | D:2      | Learned a level 2 spell: Call Imp
  1691 | D:2      | Learned a level 2 spell: Blink
  1695 | D:2      | Learned a level 3 spell: Conjure Flame
  1742 | D:2      | Found a faded altar of an unknown god.
  2409 | D:3      | Found a shimmering blue altar of Sif Muna.
  2802 | D:3      | Reached skill level 1 in Fighting
  2802 | D:3      | Reached skill level 1 in Armour
  2936 | D:3      | Reached XP level 4. HP: 25/25 MP: 9/13
  3133 | D:3      | Noticed a scorpion
  3143 | D:3      | Killed a scorpion
  3144 | D:3      | Reached skill level 6 in Spellcasting
  3144 | D:3      | Reached XP level 5. HP: 29/29 MP: 5/15
  3706 | D:4      | Noticed Sigmund
  3723 | D:4      | Killed Sigmund
  3724 | D:4      | Reached XP level 6. HP: 23/34 MP: 11/17
  3732 | D:4      | Reached skill level 1 in Fire Magic
  3746 | D:4      | Reached skill level 7 in Spellcasting
  3746 | D:4      | Reached skill level 1 in Air Magic
  3957 | D:4      | Reached XP level 7. HP: 38/38 MP: 16/19
  3970 | D:4      | Reached skill level 1 in Poison Magic
  3971 | D:4      | Reached skill level 5 in Conjurations
  4173 | D:4      | Noticed Pikel
  4240 | D:4      | Killed Pikel
  4241 | D:4      | Reached skill level 8 in Spellcasting
  4241 | D:4      | Reached XP level 8. HP: 8/44 MP: 1/22
  4781 | D:5      | Entered Level 5 of the Dungeon
  4957 | D:5      | Noticed Grinder
  4982 | D:5      | Paralysed by Grinder for 2 turns
  4985 | D:5      | Killed Grinder
  4986 | D:5      | Reached skill level 9 in Spellcasting
  5197 | D:5      | Noticed Blork the orc
  5198 | D:5      | Noticed Menkaure
  5215 | D:5      | Killed from afar by Menkaure

Illustrated notes

Levels and vault maps discovered:
D:1:      dpeg_arrival_solitude, layout_basic, serial_rivers,
          chequers_serial_rivers_small_b, chequers_serial_rivers_room_b,
          chequers_serial_rivers_micro_d, chequers_serial_rivers_micro_a,
          chequers_serial_rivers_room_b, nicolae_figureground_pulse
D:2:      layout_loops_cross, dreamdust_ecumenical_altar_grove
D:3:      layout_basic, nicolae_sif_muna_condensation, moated_statue,
          kennysheep_doodads, cheibrodos_gnoll_hut
D:4:      layout_rooms, uniq_sigmund, uniq_pikel
D:5:      layout_basic, uniq_menkaure, uniq_blork_the_orc, uniq_grinder

Skill      XL: |  1  2  3  4  5  6  7  8 |
---------------+-------------------------+-----
Spellcasting   | 5 6 7 8 9 |  9.3
Fighting       | 1 2 |  2.1
Armour         | 1 2 |  2.0
Conjurations   | 2 4 5 6 |  6.1
Dodging        | 3 |  3.1
Stealth        | 3 |  3.2
Fire Magic     | 1 2 |  2.1
Air Magic      | 1 |  1.2
Poison Magic   | 1 |  1.0
Evocations     | 2 |  2.3
Summonings     | |  1.1
Translocations | |  1.1

Action                   |  1- 3 |  4- 6 |  7- 9 || total
-------------------------+-------+-------+-------++-------
Melee: Dagger            |     2 |       |       ||     2
       Spear             |    20 |    21 |    53 ||    94
       Punch             |       |       |     1 ||     1
 Cast: Magic Dart        |   100 |    39 |    48 ||   187
       Mephitic Cloud    |     2 |     4 |    10 ||    16
       Conjure Flame     |       |     3 |     7 ||    10
       Call Imp          |       |       |     1 ||     1
 Stab: Sleeping          |     2 |       |       ||     2
       Confused          |     1 |     2 |     6 ||     9
Armor: Robe              |     3 |       |       ||     3
       Leather armour    |     7 |       |     2 ||     9
Dodge: Dodged            |    16 |     4 |    13 ||    33

Table legend: (Time is in decaauts)
 A = Elapsed time spent in this place.
 B = Non-inter-level travel time spent in this place.
 C = Inter-level travel time spent in this place.
 D = Time resting spent in this place.
 E = Time spent auto-exploring this place.
 F = Levels seen in this place.
 G = Mean time per level.
                   A        B        C        D        E       F      G
               +--------+--------+--------+--------+--------+-----+--------+
         Total |   5228 |   5138 |     90 |    345 |   4101 |   5 | 1045.6 |
       Dungeon |   5228 |   5138 |     90 |    345 |   4101 |   5 | 1045.6 |
               +--------+--------+--------+--------+--------+-----+--------+

Top non-repeatable levels by time:
     D:1: 1615 daAuts
     D:4: 1155 daAuts
     D:3: 1152 daAuts
     D:2: 870 daAuts
     D:5: 435 daAuts
